 Dungeon Crawl Stone Soup version 0.27-a0-1119-gbf574a6 (webtiles) character file.

Game seed: 8127864193812716216

58 Meow the Stinger (level 4, 36/36 HPs)
             Began as a Naga Venom Mage on May 2, 2021.
             Quit the game on level 2 of the Dungeon.
             The game lasted 00:04:31 (1086 turns).

Meow the Stinger (Naga Venom Mage)                  Turns: 1086, Time: 00:04:31

Health: 36/36      AC:  4    Str: 11    XL:     4   Next: 1%
Magic:  4/7        EV:  9    Int: 16    God:
Gold:   50         SH:  0    Dex: 11    Spells: 4/8 levels left

rFire    . . .     SeeInvis +   a - +0 hunting sling
rCold    . . .     Faith    .   (no shield)
rNeg     . . .     Spirit   .   e - +0 robe
rPois    +         Reflect  .   q - +0 helmet
rElec    .         Harm     .   t - +0 cloak
rCorr    .         Rampage  .   (no gloves)
Will     .....                  (no barding)
Stlth    +++.......             (no amulet)
HPRegen  0.12/turn              (no ring)
MPRegen  0.10/turn              (no ring)

@: short of breath, very slow
A: AC +1, large, see invisible, deformed body, poison resistance, slowness 2,
spit poison 1, naga tail 1
a: Spit Poison


You were on level 2 of the Dungeon.
You visited 1 branch of the dungeon, and saw 2 of its levels.

You collected 50 gold pieces.

Inventory:

Hand Weapons
 a - a +0 hunting sling (weapon)
 m - a +0 short sword
Missiles
 b - 55 stones
 f - 22 sling bullets (quivered ammo)
Armour
 e - a +0 robe (worn)
 q - a +0 helmet (worn)
 t - a +0 cloak (worn)
Magical Staves
 l - a staff of earth
Jewellery
 n - a ring of positive energy
Scrolls
 d - a scroll of fog {unknown}
 g - 2 scrolls of immolation {unknown}
 h - a scroll of teleportation
 i - a scroll of holy word {unknown}
 k - 2 scrolls of amnesia
 o - a scroll of enchant armour {unknown}
 r - a scroll of identify {unknown}
 s - a scroll of enchant weapon {unknown}
Potions
 c - a potion of curing {unknown}
 j - a potion of brilliance {unknown}
 p - a potion of invisibility {unknown}
 u - a potion of flight {unknown}


   Skills:
 - Level 1.5 Dodging
 * Level 4.7 Stealth
 + Level 2.6 Spellcasting
 - Level 1.0 Transmutations
 + Level 4.8 Poison Magic


You had 4 spell levels left.
You knew the following spells:

 Your Spells              Type           Power      Damage    Failure   Level
a - Sting                 Tmut/Pois      44%        1d5       6%          1
c - Mephitic Cloud        Conj/Pois/Air  7%         N/A       30%         3

Your spell library contained the following spells:

 Spells                   Type           Power      Damage    Failure   Level
 Poisonous Vapours        Pois/Air       18%        N/A       11%         2
 Ignite Poison            Fire/Tmut/Pois 8%         N/A       26%         3
 Olgreb's Toxic Radiance  Pois           17%        N/A       26%         4


Dungeon Overview and Level Annotations

Branches:
Dungeon (2/15)

Altars:


Innate Abilities, Weirdness & Mutations

Your serpentine skin is tough. (AC +1)
You have supernaturally acute eyesight. (SInv)
Armour fits poorly on your strangely shaped body.
Your system is resistant to poisons. (rPois)
You cover ground very slowly.
You can spit poison.
You have a snake-like lower body.


Message History

Press: ? - help, Shift-Dir - straight line, f - goblin
Aim: a goblin, wielding a +0 dagger (wandering, hasn't noticed you)
The splash of poison hits the goblin.
The goblin is poisoned.
The goblin is heavily wounded.
The goblin shouts!
You hear an angry hiss.
Casting: Sting (safe; 6% risk of failure)
Confirm with . or Enter, or press ? or * to list all spells.
Aiming: Sting (safe; 6% risk of failure)
Press: ? - help, Shift-Dir - straight line, f/p - goblin
Aim: a goblin, wielding a +0 dagger (heavily wounded, poisoned, 64% to hit)
The sting hits the goblin.
The goblin looks even sicker.
You kill the goblin!
A frilled lizard comes into view.
Items here: ! $ ) ? †.
A frilled lizard is nearby!
Casting: Sting (safe; 6% risk of failure)
Confirm with . or Enter, or press ? or * to list all spells.
Aiming: Sting (safe; 6% risk of failure)
Press: ? - help, Shift-Dir - straight line, f - frilled lizard
Aim: a frilled lizard (wandering, hasn't noticed you, 53% to hit)
The sting hits the frilled lizard.
The frilled lizard is poisoned.
You kill the frilled lizard!
You have got your breath back.
u - an emerald potion
g - 2 scrolls labelled POSMOMM AVAIB (gained 1)
You now have 50 gold pieces (gained 4).
Things that are here:
a +0 dagger; a goblin corpse A dart slug comes into view.
The dart slug launches a dart at you. The slug dart misses you.
A dart slug is nearby!
Press: ? - help, Shift-Dir - straight line, f - dart slug
Aim: a dart slug The splash of poison hits the dart slug!
The dart slug is poisoned.
You kill the dart slug!
You have reached level 4!
You feel stronger.
Are you sure you want to abandon this character and quit the game? (Confirm with "yes".)

#......#...##.#...#.###
#..).......##.#.......
###.#..##..##.#.....##
.#.........#.........#
#.###...####.$....##.#
### #.÷.# #......#..#
.# #...#######....# .#
#........##....####
.####....###....@...†.#
..............####)##†#
..............# #.# w
..............# #..#
.####....###.#. ##.# ##
#........##. .##
#.#.###### # # #...#
.....


There were no monsters in sight!

Vanquished Creatures
  2 adders (D:2)
  3 dart slugs
  A ball python (D:1)
  3 endoplasms
  4 goblins
  2 hobgoblins (D:1)
  4 jackals (D:1)
  2 quokkas (D:1)
  A bat (D:1)
  3 frilled lizards
  3 kobolds
  5 rats (D:1)
33 creatures vanquished.

Notes
Turn   | Place    | Note
-------+----------+-------------------------------------------
     0 | D:1      | Meow the Naga Venom Mage began the quest for the Orb.
     0 | D:1      | Reached XP level 1. HP: 15/15 MP: 3/3
   137 | D:1      | Reached XP level 2. HP: 22/22 MP: 5/5
   720 | D:1      | Reached XP level 3. HP: 28/28 MP: 4/6
   724 | D:1      | Learned a level 3 spell: Mephitic Cloud
  1086 | D:2      | Reached XP level 4. HP: 36/36 MP: 4/7
  1086 | D:2      | Quit the game

Illustrated notes

Levels and vault maps discovered:
D:1:      grunt_arrival_lava_bath, layout_basic
D:2:      layout_loops_cross

Skill      XL: |  1  2  3 |
---------------+----------+-----
Stealth        | 4 |  4.7
Dodging        | |  1.5
Spellcasting   | |  2.6
Transmutations | |  1.0
Poison Magic   | |  4.8

Action                   |  1- 3 |  4- 6 || total
-------------------------+-------+-------++-------
 Fire: Hunting sling     |     9 |       ||     9
 Cast: Sting             |    15 |       ||    15
 Abil: Spit Poison       |    31 |       ||    31
  Use: Scroll            |     2 |       ||     2
Armor: Robe              |     1 |       ||     1
Dodge: Dodged            |     2 |       ||     2

Table legend: (Time is in decaauts)
 A = Elapsed time spent in this place.
 B = Non-inter-level travel time spent in this place.
 C = Inter-level travel time spent in this place.
 D = Time resting spent in this place.
 E = Time spent auto-exploring this place.
 F = Levels seen in this place.
 G = Mean time per level.
                   A        B        C        D        E       F      G
               +--------+--------+--------+--------+--------+-----+--------+
         Total |   1475 |   1432 |     43 |      0 |   1121 |   2 |  737.5 |
       Dungeon |   1475 |   1432 |     43 |      0 |   1121 |   2 |  737.5 |
               +--------+--------+--------+--------+--------+-----+--------+

Top non-repeatable levels by time:
     D:1: 1154 daAuts
     D:2: 321 daAuts
